 Dungeon Crawl Stone Soup version 0.26-a0-1040-gbe3abf3417 (webtiles) character file.

Game seed: 147038501206385827

17 Dracia the Sneak (level 2, -1/14 HPs)
             Began as a Felid Delver on Dec 12, 2020.
             Slain by Blork the orc
             ... wielding a +0 mace
              (9 damage)
             ... on level 5 of the Dungeon.
             The game lasted 00:00:39 (239 turns).

Dracia the Sneak (Felid Delver)                      Turns: 239, Time: 00:00:39

Health: -1/14      AC:  1    Str:  8    XL:     2   Next: 44%
Magic:  3/3        EV: 18    Int: 11    God:
Gold:   13         SH:  0    Dex: 17    Spells: 1/1 levels left
                                        Lives:  0   Deaths: 0

rFire    . . .     SeeInvis +     - Unarmed
rCold    . . .     Faith    .   (shield unavailable)
rNeg     . . .     Spirit   .   (armour unavailable)
rPois    .         Reflect  .   (helmet unavailable)
rElec    .         Harm     .   (cloak unavailable)
rCorr    .         Rampage  .   (gloves unavailable)
Will     .....                  (boots unavailable)
Stlth    ++++......             (no amulet)
HPRegen  0.04/turn              (no ring)
MPRegen  0.08/turn              (no ring)

@: quick
A: very small, no armour, no weapons or thrown items, stealth, claws 1, fangs 3,
see invisible, speed 1, shaggy fur 1, sharp paws
a: no special abilities


You were on level 5 of the Dungeon.
You visited 1 branch of the dungeon, and saw 1 of its levels.

You collected 13 gold pieces.


Innate Abilities, Weirdness & Mutations

You cannot wear armour.
You are incapable of wielding weapons or throwing items.
Your paws allow you to move quietly. (Stealth)
You have sharp claws.
You have razor-sharp teeth.
You have supernaturally acute eyesight. (SInv)
You cover ground quickly.
You are covered in fur. (AC +1)
Your sharp claws are effective at attacking unaware monsters.


   Skills:
 - Level 3.0 Fighting
 - Level 2.6 Dodging
 + Level 7.1 Stealth
 + Level 2.6 Unarmed Combat


You had one spell level left.
You didn't know any spells.
Your spell library was empty.

Inventory:

Wands
 e - a wand of digging (3)
Scrolls
 a - a scroll of fog
 b - a scroll of magic mapping
 c - a scroll of fear
Potions
 d - a potion of haste {@q3@q3}

Dungeon Overview and Level Annotations

Branches:
Dungeon (5/15)
 Temple: D:4-7

Altars:

Annotations:
D:5 Blork the orc

.## #.......## ##
#.....#.# #.....#.#
######.....#.###
...........#...
....##...[##..# .#
###.##....##..# #.##
#.......##.#####....#
####..........@.....#
############o....#
#....# #####


You could see Blork the orc (fast).


Message History

You scratch Blork the orc but do no damage.
Blork the orc is lightly wounded.
Blork the orc misses you.
You scratch Blork the orc.
Blork the orc is lightly wounded.
Blork the orc barely misses you.
You scratch Blork the orc.
Blork the orc is moderately wounded.
Blork the orc completely misses you. Blork the orc closely misses you.
You scratch Blork the orc.
Blork the orc is moderately wounded.
Blork the orc barely misses you.
You scratch Blork the orc but do no damage.
Blork the orc is moderately wounded.
Blork the orc misses you.
You scratch Blork the orc. Your bite misses Blork the orc.
Blork the orc is heavily wounded.
Blork the orc barely misses you.
You scratch Blork the orc but do no damage.
Your bite misses Blork the orc.
Blork the orc is heavily wounded.
Blork the orc hits you with a +0 mace.
You scratch Blork the orc.
Blork the orc is heavily wounded.
Blork the orc completely misses you. Blork the orc hits you with a +0 mace.
You scratch Blork the orc.
Blork the orc is severely wounded.
Blork the orc hits you with a +0 mace!
Ouch! That really hurt!
You die...

Skill      XL: |  1 |
---------------+----+-----
Stealth        | 7 |  7.1
Fighting       | |  3.0
Dodging        | |  2.6
Unarmed Combat | |  2.6

Action                   || total
-------------------------++-------
Melee: Unarmed           ||    15
       Bite              ||     2
 Stab: Sleeping          ||     2
Dodge: Dodged            ||    12

Levels and vault maps discovered:
D:5:      layout_rooms, minitemple, serial_shops,
          nicolae_shop_overgrown_old_shop, uniq_blork_the_orc, uniq_pikel,
          uniq_menkaure

Notes
Turn   | Place    | Note
-------+----------+-------------------------------------------
     0 | D:5      | Dracia the Felid Delver began the quest for the Orb.
     0 | D:5      | Reached XP level 1. HP: 10/10 MP: 2/2
    35 | D:5      | Noticed an ogre
   134 | D:5      | Reached skill level 7 in Stealth
   134 | D:5      | Reached XP level 2. HP: 14/14 MP: 3/3
   223 | D:5      | Noticed Blork the orc
   239 | D:5      | Slain by Blork the orc

Vanquished Creatures
  A hound skeleton (D:5)
  A leopard gecko (D:5)
  2 quokkas (D:5)
4 creatures vanquished.

Table legend: (Time is in decaauts)
 A = Elapsed time spent in this place.
 B = Non-inter-level travel time spent in this place.
 C = Inter-level travel time spent in this place.
 D = Time resting spent in this place.
 E = Time spent auto-exploring this place.
 F = Levels seen in this place.
 G = Mean time per level.
                   A        B        C        D        E       F      G
               +--------+--------+--------+--------+--------+-----+--------+
         Total |    206 |    206 |      0 |     18 |    136 |   1 |  206.0 |
       Dungeon |    206 |    206 |      0 |     18 |    136 |   1 |  206.0 |
               +--------+--------+--------+--------+--------+-----+--------+

Top non-repeatable levels by time:
     D:5: 206 daAuts

Table legend:
 A = Non-vault XP
 B = Vault XP
 C = Vault XP percentage of total XP
 D = Non-vault monster count
 E = Vault monster count
 F = Vault count percentage of total count
                 A         B        C        D         E       F
            +---------+---------+-------+---------+---------+-------
      Total |      25 |       0 |   0.0 |       4 |       0 |   0.0
            +---------+---------+-------+---------+---------+-------
        D:5 |      25 |       0 |   0.0 |       4 |       0 |   0.0
            +---------+---------+-------+---------+---------+-------
